 Dungeon Crawl Stone Soup version 0.25.1-9-gc5326a611f (webtiles) character file.

Game seed: 18130227676568946441

525 Gauvater the Archer (level 7, -5/57 HPs)
             Began as a Centaur Hunter on Jan 3, 2021.
             Was an Initiate of Fedhas.
             Killed by divine providence
             ... invoked by an orc priest
              (9 damage)
             ... on level 4 of the Dungeon.
             The game lasted 00:26:05 (4365 turns).

Gauvater the Archer (Centaur Hunter)                Turns: 4365, Time: 00:26:06

Health: -5/57      AC:  6    Str: 17    XL:     7   Next: 2%
Magic:  17/17      EV:  9    Int: 10    God:    Fedhas [......]
Gold:   229        SH:  0    Dex:  9    Spells: 6/6 levels left

rFire    . . .     SeeInvis .   b - +0 short sword
rCold    + . .     Gourm    .   (no shield)
rNeg     . . .     Faith    .   l - +0 ring mail
rPois    .         Spirit   .   (no helmet)
rElec    .         Reflect  .   (no cloak)
rCorr    .         Harm     .   B - +0 pair of gloves
MR       .....                  (no barding)
Stlth    ..........             e - amulet of magic regeneration
HPRegen  0.19/turn              o - ring of magical power
MPRegen  0.40/turn              r - ring of protection from cold

@: mighty, brilliant, very quick
A: large, hooves 3, deformed body, speed 2, tough skin 3
a: Renounce Religion


You were on level 4 of the Dungeon.
You worshipped Fedhas.
Fedhas was noncommittal.
You were not hungry.

You visited 1 branch of the dungeon, and saw 4 of its levels.

You collected 229 gold pieces.

Inventory:

Hand Weapons
 a - a +1 shortbow
 b - a +0 short sword (weapon)
 s - a +0 hunting sling
 y - a +0 war axe
Missiles
 d - 36 arrows
 j - 91 stones
 k - 49 sling bullets
 t - 8 atropa-tipped darts
 v - 14 poisoned darts (quivered)
Armour
 c - a +0 leather armour
 l - a +0 ring mail (worn)
 B - a +0 pair of gloves (worn)
Jewellery
 e - an amulet of magic regeneration (around neck)
 o - a ring of magical power (left hand)
 r - a ring of protection from cold (right hand)
Wands
 g - a wand of iceblast (8)
Scrolls
 h - 5 scrolls of teleportation {unknown}
 p - a scroll of identify {unknown}
 q - a scroll of blinking {unknown}
 u - a scroll of magic mapping {unknown}
 x - 3 scrolls of remove curse {unknown}
 C - a scroll of noise {unknown}
Potions
 i - a potion of curing
 w - a potion of haste
 z - 2 potions of lignification {unknown}
 A - 3 potions of heal wounds {unknown}
Comestibles
 f - 4 rations


   Skills:
 + Level 3.3 Fighting
 + Level 2.3 Short Blades
 + Level 0.5(1.3) Slings
 + Level 8.0 Bows
 + Level 1.9(2.0) Throwing
 + Level 1.4 Armour
 + Level 1.7 Dodging
 + Level 0.6 Stealth
 * Level 1.5 Invocations


You had 6 spell levels left.
You didn't know any spells.
Your spell library contained the following spells:

 Spells                   Type           Power        Failure   Level  Hunger
 Confusing Touch          Hex            #.......     90%         3    None
 Gell's Gravitas          Tloc           #.........   90%         3    None
 Petrify                  Tmut/Erth      #.......     100%        4    None
 Metabolic Englaciation   Hex/Ice        #.........   100%        5    None
 Yara's Violent Unravell  Hex/Tmut       #.........   100%        5    None


Dungeon Overview and Level Annotations

Branches:
Dungeon (4/15)
 Temple: D:4-7

Altars:
Fedhas
Ru


Innate Abilities, Weirdness & Mutations

You have hooves in place of feet.
Armour fits poorly on your strangely shaped body.
You cover ground very quickly.
You have extremely tough skin. (AC +3)


Message History

You feel very mighty all of a sudden.
The orc priest mumbles some strange prayers to Beogh against you.
Beogh smites you!
* * * LOW HITPOINT WARNING * * *
b - a +0 short sword (weapon)
You hit the orc priest. You kick the orc priest.
The orc priest is heavily wounded.
The orc priest begins to cast a cantrip, but forgets the words!
The orc priest misses you.
You barely miss the orc priest. You kick the orc priest.
The orc priest is severely wounded.
You puncture the orc priest!
You kill the orc priest!
Fedhas accepts your kill.
Your Bows skill increases to level 8!
You have reached level 7!
The orc priest mumbles some strange prayers to Beogh against you.
Beogh smites you!
You die...
Fedhas appreciates your contribution to the ecosystem.

#..#.# ######## #..#.#
#......# #..#.# #......#
#..#.# #......#
#8.#.#+#######......#
.#.#.........#......#
.#.#.........#...)..#
.............>......#
#.##.........#..@...+
...#.#+#'#####..o...#####
.....#.#.# ###(........
.......#'#######..#########
.#...##....................
......'..........##########
##...##.........(#######
##.#.'.........(......#
#.#.#.........(......#


You could see an orc priest.

Vanquished Creatures
  An ogre (D:2)
  2 scorpions (D:4)
  3 orc priests (D:4)
  2 orc wizards
  A worker ant (D:4)
  7 adders
  3 oozes
  An adder skeleton (D:4)
  A worm (D:3)
  2 dart slugs
  A leopard gecko (D:1)
  7 orcs
  A ball python (D:1)
  7 giant cockroaches
  12 goblins
  4 hobgoblins
  10 jackals
  4 quokkas
  7 bats
  4 frilled lizards
  9 kobolds
  6 rats
95 creatures vanquished.

Notes
Turn   | Place    | Note
-------+----------+-------------------------------------------
     0 | D:1      | Gauvater the Centaur Hunter began the quest for the Orb.
     0 | D:1      | Reached XP level 1. HP: 17/17 MP: 1/1
   176 | D:1      | Reached XP level 2. HP: 24/24 MP: 2/2
   408 | D:1      | Reached skill level 6 in Bows
   766 | D:2      | Reached XP level 3. HP: 29/29 MP: 3/3
  1286 | D:2      | Reached XP level 4. HP: 35/37 MP: 4/4
  1616 | D:3      | Noticed an ogre
  1728 | D:2      | Killed an ogre
  1728 | D:2      | Reached skill level 1 in Short Blades
  1728 | D:2      | Reached skill level 7 in Bows
  1728 | D:2      | Reached skill level 1 in Throwing
  1728 | D:2      | Reached XP level 5. HP: 32/42 MP: 5/5
  1828 | D:3      | Found a sacrificial altar of Ru.
  2172 | D:3      | Reached skill level 1 in Armour
  3164 | D:3      | Found a blossoming altar of Fedhas.
  3183 | D:3      | Became a worshipper of Fedhas Madash
  3297 | D:4      | Reached XP level 6. HP: 50/50 MP: 6/6
  3567 | D:4      | Reached skill level 1 in Invocations
  4363 | D:4      | Reached skill level 8 in Bows
  4363 | D:4      | Reached XP level 7. HP: 4/57 MP: 8/8
  4365 | D:4      | Killed from afar by an orc priest

Illustrated notes

Levels and vault maps discovered:
D:1:      shiori_shiawase, layout_basic
D:2:      layout_loops_cross, chequers_serial_rivers_marsh
D:3:      layout_rooms, lemuel_crystal_altar, minmay_misc_feat_alley,
          fedhas_altar_fruit_tree
D:4:      minmay_bubble_buster, layout_basic, first_ration,
          biasface_ghost_orc_armoury

Skill      XL: |  1  2  3  4  5  6 |
---------------+-------------------+-----
Bows           | 6 7 8 |  8.0
Short Blades   | 1 2 |  2.3
Throwing       | 1 |  1.9
Armour         | 1 |  1.4
Fighting       | 3 |  3.3
Invocations    | 1 |  1.5
Slings         | |  0.5
Dodging        | |  1.7
Stealth        | |  0.6

Action                   |  1- 3 |  4- 6 |  7- 9 || total
-------------------------+-------+-------+-------++-------
Melee: Short sword       |    80 |   114 |       ||   194
       Kick              |    15 |    21 |       ||    36
       War axe           |       |     7 |       ||     7
 Fire: Shortbow          |    26 |   133 |       ||   159
       Hunting sling     |       |    20 |       ||    20
Throw: Stone             |    28 |    11 |       ||    39
       Dart              |       |    21 |       ||    21
  Use: Potion            |       |     4 |       ||     4
  Eat: Chunk             |       |     7 |       ||     7
       Ration            |       |     1 |       ||     1
Armor: Ring mail         |    32 |    74 |       ||   106
       Leather armour    |     1 |       |       ||     1
Dodge: Dodged            |    27 |    78 |       ||   105
